amy, neutral female human Ranger -------- |....... ----------- |......| # ################-..<....(.| |.......#### # |.........| |......|# # -------------#%# +.........| |......| #### |`.........`.# ----------- ------.- # #|.....`.....| ## ####|...-----.... # ##|.....{.|...| #### ##-..`|{.{|`..|# ---.-- #|...|.{.|...|# |....-#########|...-----...|# |....| %|.....`.....|# |....| #-`.........`|@q |....| #-------------# ------ `############## amy the Reconnoiteress Experience level: 10 Strength: 25 Dexterity: 12 Constitution: 17 Intelligence: 13 Wisdom: 13 Charisma: 7 Health: 0(82) Energy: 42(42) Def: 10 Gold: 457 Moves: 8459 Dungeon seed: 1E99mDucgfS4Nvol Game ID: amy_1465460154 Your Inventory: Coins $ - 457 gold pieces Weapons b - an uncursed +2 bow (weapon in hand) c - 37 uncursed +2 arrows k - an uncursed +2 dagger m - an uncursed +1 dagger r - 9 uncursed +1 arrows A - 17 uncursed +0 arrows B - 103 uncursed +0 arrows (in quiver) C - 5 uncursed +0 elven arrows E - 16 blessed +0 arrows G - a blessed +2 dagger I - an uncursed rusty +0 arrow P - 8 uncursed +0 daggers X - 14 blessed +1 arrows Armor e - an uncursed +2 cloak of displacement (being worn) n - an uncursed +0 pair of gauntlets of power (being worn) z - an uncursed +0 studded leather armor (being worn) M - an uncursed +0 pair of fumble boots N - an uncursed +0 pair of low boots (being worn) Y - an uncursed +0 pair of kicking boots Z - an uncursed +0 dwarvish iron helm (being worn) Comestibles d - an uncursed carrot o - an uncursed partly eaten food ration p - 2 uncursed food rations v - an uncursed pear x - an uncursed cram ration F - an uncursed fortune cookie Scrolls g - an uncursed scroll of confuse monster l - 2 uncursed scrolls of remove curse y - a blessed scroll of identify Potions h - an uncursed potion of water Wands f - an uncursed wand of magic missile (0:5) q - an uncursed wand of enlightenment (0:4) s - an uncursed wand of cancellation (0:4) u - an uncursed wand of speed monster (0:4) w - an uncursed wand of opening (0:3) H - a cursed wand of enlightenment (0:11) J - an uncursed wand of striking (0:4) L - an uncursed wand of create monster (0:14) O - an uncursed wand of slow monster (0:4) S - a cursed wand of nothing (0:5) Tools i - an uncursed towel t - an uncursed brass lantern (0:1270) D - an uncursed skeleton key Q - 2 uncursed tallow candles (0:200) R - a cursed tallow candle (0:200) T - an uncursed sack Contents of the sack: an uncursed tripe ration an uncursed scroll of blank paper 2 uncursed scrolls of create monster a blessed scroll of enchant armor 2 uncursed scrolls of enchant armor a blessed scroll of enchant weapon an uncursed scroll of light 2 uncursed scrolls of magic mapping an uncursed scroll of punishment an uncursed scroll of scare monster an uncursed scroll of teleportation 2 uncursed scrolls of water an uncursed potion of booze a cursed potion of booze an uncursed potion of enlightenment an uncursed potion of extra healing an uncursed potion of full healing an uncursed potion of gain level 2 uncursed potions of hallucination an uncursed potion of monster detection a blessed potion of object detection an uncursed potion of paralysis an uncursed potion of restore ability 2 uncursed potions of see invisible an uncursed potion of sickness Spells and supernatural/magical abilities: Name Level Category Fail Memory W - pray for help -- divine ? -- Your skills at the end: Miscellaneous Skills wands [Basic] Weapon Skills dagger [Basic] bow [Expert] Spellcasting Skills Final Attributes: You were fervently aligned. You were cold resistant. You were poison resistant. You had automatic searching. You were displaced. You were stealthy. You are dead. Vanquished creatures: a ghost a xan a freezing sphere a gelatinous cube a crocodile a human mummy a leather golem a Grey-elf a watchman a giant beetle 2 winter wolf cubs a lynx a quivering blob an orc-captain a giant spider a gnome king 2 ogres a rust monster a yeti a dingo a jaguar a water nymph 3 apes a rope golem 3 Woodland-elves 3 soldier ants 5 fire ants 11 Mordor orcs an Uruk-hai 5 orc shamans 2 rock piercers a yellow light 2 violet fungi 15 gnome lords a gnomish wizard a guardian naga hatchling a gray ooze 2 ghouls 3 floating eyes a kitten 16 dwarves a homunculus a kobold lord 8 hill orcs a rothe a rabid rat a centipede a giant bat 4 dwarf zombies 2 wererats 2 killer bees 2 coyotes 6 hobbits 2 acid blobs a large kobold 5 geckos 4 hobgoblins 5 giant rats 8 cave spiders a red mold 54 gnomes 6 manes 7 jackals 2 foxes a kobold 4 newts 7 goblins 2 sewer rats 10 grid bugs a bat 4 lichens 2 kobold zombies 257 creatures vanquished. Voluntary challenges: You had followed a strict vegan diet until turn 3160. You had followed a strict vegetarian diet until turn 3160. You did not adorn yourself with jewelry or accessories. You had been an atheist until turn 2882. You used a wielded weapon 35 times, starting on turn 100. You did not apply a unicorn horn. You read items or engraved 6 times, starting on turn 3039. You never genocided any monsters. You never polymorphed an object. You never changed form. You used no wishes. You never split a pudding. You never wrote Elbereth's name. You violated your moral code, losing 5 points of alignment, starting on turn 3889. Dungeon overview: The Dungeons of Doom: levels 1 to 6 Level 1 a long staircase Level 2 an armor shop Level 3 a fountain stairs to The Gnomish Mines Level 4 some fountains, a sink Level 5 Level 6 <- You were here many fountains The Gnomish Mines: levels 4 to 11 Level 4 stairs to The Dungeons of Doom Level 5 Level 6 Level 7 some shops, a temple to Venus, a magic chest, some fountains, some trees Level 8 Level 9 Level 10 Level 11 some altars to Moloch, a magic chest, a fountain History has recorded: On T:1 you entered the Dungeons of Doom to retrieve the Amulet of Yendor! On T:264 you reached level 2 of The Dungeons of Doom. On T:494 you reached level 3 of The Dungeons of Doom. On T:1344 you reached level 1 of The Gnomish Mines. On T:1346 you advanced to experience level 2. On T:1356 you advanced to experience level 3. On T:1671 you advanced to experience level 4. On T:1752 you reached level 2 of The Gnomish Mines. On T:1831 you advanced to experience level 5. On T:1946 you reached level 3 of The Gnomish Mines. On T:2293 you advanced to experience level 6. On T:2596 you reached level 4 of The Gnomish Mines. On T:2872 you entered the Minetown temple On T:2969 you opened a magic chest. On T:2997 you opened a magic chest. On T:2999 you opened a magic chest. On T:3091 you reached level 5 of The Gnomish Mines. On T:3096 you advanced to experience level 7. On T:4052 you reached level 6 of The Gnomish Mines. On T:4299 you advanced to experience level 8. On T:4429 you reached level 7 of The Gnomish Mines. On T:4713 you reached the bottom of the Mines. On T:5227 you opened a magic chest. On T:6345 you advanced to experience level 9. On T:7521 you reached level 5 of The Dungeons of Doom. On T:8141 you reached level 6 of The Dungeons of Doom. On T:8268 you received advice from The Oracle. On T:8268 you advanced to experience level 10. Score breakdown: Gold: 457 ( 45 points) Experience: 10 levels ( 900 points) Exploration: 11 levels ( 300 points) Discoveries: 13 items ( 650 points) Variety of kills: 72 monsters ( 2000 points) Major goal: reached Mine's End ( 1000 points) Survival: died (score multiplied by 3) Total score: 14685 Latest messages: Never mind. You have a little trouble lifting B - an uncursed arrow (in quiver). You have a little trouble lifting a - a potion of healing. You feel better. You see here 2 uncursed arrows. You have a little trouble lifting B - 2 uncursed arrows (in quiver). You see here a scroll labeled VERR YED HORRE. You have a little trouble lifting g - a scroll labeled VERR YED HORRE. You see here a potion of water. You have a little trouble lifting h - a potion of water. You see here a food ration. You have a little trouble lifting p - an uncursed food ration. You hear bubbling water. You hear the splashing of a naiad. You see here a lichen corpse. With great effort you move the boulder. You try to move the boulder, but in vain. The leocrotta claws you! The leocrotta bites! The leocrotta claws you! (2x) The leocrotta bites! The leocrotta claws you! (2x) The leocrotta bites! The leocrotta claws you! (2x) You die... Final status: Goodbye amy the Ranger, killed by a leocrotta... You died in The Dungeons of Doom on dungeon level 6 with 14685 points, and 457 pieces of gold, after 8459 moves. You were level 10 with a maximum of 82 hit points when you died.